 Dungeon Crawl Stone Soup version 0.15-a0-462-gf669498 (webtiles) character file.

148 PolkaDot the Caller (level 3, -2/24 HPs)
             Began as a Vampire Summoner on May 7, 2014.
             Slain by a gnoll
             ... wielding a +0,+0 flail
              (7 damage)
             ... on Level 2 of the Dungeon.
             The game lasted 00:06:05 (1663 turns).

PolkaDot the Caller (Vampire Summoner)              Turns: 1663, Time: 00:06:05

HP  -2/24        AC  4     Str  8      XL: 3   Next: 85%
MP   4/8         EV 12     Int 17      God:
Gold 86          SH  0     Dex 14      Spells:  2 memorised,  4 levels left

rFire  . . .     SeeInvis +     m - +0 cutlass
rCold  . . .     Clarity  .     a - +0 robe
rNeg   . . .     Conserve .     (no shield)
rPois  .         rCorr    .     (no helmet)
rElec  .         rRot     .     (no cloak)
SustAb . .       Spirit   .     (no gloves)
rMut   .         Warding  .     l - +1 pair of boots
Saprov . . .     Stasis   .     (no amulet)
MR     .....                    (no ring)
                                (no ring)

@: regenerating very quickly, confused, not resistant to hostile enchantments,
very unstealthy
A: fangs 3, see invisible, unbreathing
a: no special abilities


You were on level 2 of the Dungeon.
You were almost alive.

You visited 1 branch of the dungeon, and saw 2 of its levels.

You collected 86 gold pieces.

Inventory:

Hand weapons
 m - a +0,+0 cutlass (weapon)
Armour
 a - a +0 robe (worn)
 l - a +1 pair of boots (worn)
Scrolls
 d - a scroll of magic mapping {unknown}
 f - a scroll of enchant weapon I {unknown}
 i - a scroll of recharging {unknown}
 j - a scroll of enchant armour {unknown}
 k - a scroll of identify {unknown}
Books
 b - a book of Callings

   Spells                             Type                      Level
   *Summon Small Mammal               Summoning                    1
   Call Imp                           Summoning                    2
   *Call Canine Familiar              Summoning                    3
   Summon Guardian Golem              Hexes/Summoning              4
   Summon Lightning Spire             Summoning/Air                4
   Summon Ice Beast                   Ice/Summoning                4


   Skills:
 + Level 0.9 Short Blades
 - Level 2.1 Dodging
 - Level 3.0 Stealth
 - Level 3.1 Spellcasting
 * Level 4.6 Summonings


You had 4 spell levels left.
You knew the following spells:

 Your Spells              Type           Power        Failure   Level  Hunger
a - Summon Small Mammal   Summ           ###.         2%          1    None
c - Call Canine Familiar  Summ           ###.....     10%         3    ###....


Dungeon Overview and Level Annotations

Branches:
Dungeon (2/15)

Altars:


Innate Abilities, Weirdness & Mutations

Your natural rate of healing is extremely fast.
You have razor-sharp teeth.*
You have supernaturally acute eyesight.
You can survive without breathing.*


Message History

Drink which item? (? for menu, Esc to quit)
You feel refreshed.
It was a potion of restore abilities.
Drink which item? (? for menu, Esc to quit)
You are confused.
It was a potion of confusion.
The gnoll barely misses you.
Drink which item? (? for menu, Esc to quit)
Yummy - fresh blood!
The gnoll hits you.
You hit the gnoll.
The gnoll is severely wounded.
The gnoll misses you. The gnoll closely misses you.
You swing at nothing.
The gnoll hits you but does no damage. The gnoll hits you.
* * * LOW HITPOINT WARNING * * *
You swing at nothing.
The gnoll misses you. The gnoll closely misses you. The gnoll hits you.
* * * LOW HITPOINT WARNING * * *
You closely miss the gnoll.
The gnoll is severely wounded.
The gnoll hits you with a flail!
You die...

.##.###.# ##. .######
###.###.#.##.##......#
###.#................###
##.......###..##.........
##..#.#..##...........##.#
##.......# #.............
##.##..#.## #...)...#..#.#
##.###.#[##.##..g##.#..#.#
#.###.#.##.....@ghg%....#
#<......#####.####S#..#.#
###....## #.....##.#..#.##...
#####..%####.....##S........#
.....................%g.......
.............................
#####.######.....###...#.####
#.# ####### #####.# #.# #


You could see 3 gnolls, an adder and a jackal.

Vanquished Creatures
  2 oozes
  2 ball pythons (D:2)
  6 bats
  A giant cockroach (D:1)
  5 goblins
  4 hobgoblins
  6 jackals
  A giant gecko (D:1)
  4 giant newts (D:1)
  3 kobolds
  6 rats
40 creatures vanquished.

Vanquished Creatures (collateral kills)
  A gnoll (D:2)
  A giant mite (D:1)
  A giant gecko (D:1)
  A hobgoblin (D:1)
  3 jackals
  A giant newt (D:1)
  2 rats
10 creatures vanquished.

Vanquished Creatures (others)
  2 hounds (D:2)
  A bat (D:1)
  2 quokkas
  A rat (D:1)
6 creatures vanquished.

Grand Total: 56 creatures vanquished

Notes
Turn   | Place    | Note
--------------------------------------------------------------
     0 | D:1      | PolkaDot, the Vampire Summoner, began the quest for the Orb.
     0 | D:1      | Reached XP level 1. HP: 13/13 MP: 3/3
   319 | D:1      | Reached XP level 2. HP: 8/19 MP: 0/5
   824 | D:1      | Reached XP level 3. HP: 12/24 MP: 2/6
  1459 | D:2      | Learned a level 3 spell: Call Canine Familiar
  1663 | D:2      | Slain by a gnoll

Action                   || total
-------------------------++-------
Melee: Unarmed           ||    20
       Dagger            ||   197
       Cutlass           ||    24
 Cast: Summon Small Mamm ||    22
       Call Canine Famil ||     2
  Use: Potion            ||     6
 Stab: Sleeping          ||     6
       Distracted        ||     2
